PAAA
PORT ROYAL DISASTER @ TORTOLITA DRUMMERS
08/13/2019
 
TOP OF THE 1ST
Port Royal Disaster batting - Pitching for Tortolita Drummers : RHP Javier Estrada
Pitching: RHP Javier Estrada
Batting: RHB Stu Shaw 0-0: Ball
1-0: Ball
2-0: Called Strike
2-1: Ball
3-1: Foul Ball, location: 2F
3-2: Base on Balls
Batting: LHB Nelson Sanders 0-0: Ball
1-0: Called Strike
1-1: Ball
2-1: Called Strike
2-2: Fly out, F7 (Flyball, 78M)
Batting: RHB Mike Green 0-0: Ball
1-0: Ball
2-0: DOUBLE (Line Drive, 5L)
Stu Shaw to third
Batting: LHB Randy Bowen 0-0: Ball
1-0: SINGLE (Groundball, 56D)
Stu Shaw scores
Mike Green to third
Runner from 3rd tries for Home, SAFE, throw made home
Randy Bowen to second
Batting: RHB Clement Fields 0-0: Ball
1-0: Called Strike
1-1: Swinging Strike
1-2: Fly out, F7 (Flyball, 7LD)
Runner from 2nd tags up, SAFE at 3rd, no throw
Batting: RHB Dave Sterling 0-0: Ball
1-0: Ground out 4-3 (Groundball, 4)
Top of the 1st over - 2 run(s), 2 hit(s), 0 error(s), 1 left on base; Port Royal 2 - Tortolita 0
BOTTOM OF THE 1ST
Tortolita Drummers batting - Pitching for Port Royal Disaster : LHP Jim Unknown
Pitching: LHP Jim Unknown
Batting: RHB Hunter Curtis 0-0: Ball
1-0: Swinging Strike
1-1: Swinging Strike
1-2: Ball
2-2: Foul Ball, location: 2F
2-2: Strikes out looking
Batting: LHB Jesse Taylor 0-0: Called Strike
0-1: Ball
1-1: Called Strike
1-2: Strikes out looking
Batting: LHB Orlando Trevino 0-0: Foul Ball, location: 2F
0-1: Swinging Strike
0-2: Strikes out swinging
Bottom of the 1st over - 0 run(s), 0 hit(s), 0 error(s), 0 left on base; Port Royal 2 - Tortolita 0
TOP OF THE 2ND
Port Royal Disaster batting - Pitching for Tortolita Drummers : RHP Javier Estrada
Batting: RHB Jim Unknown 0-0: Ball
1-0: Foul Ball, location: 2F
1-1: Swinging Strike
1-2: Fly out, F9 (Flyball, 9M)
Batting: SHB Ethan Jollymour 0-0: Foul Ball, location: 2F
0-1: Ball
1-1: Swinging Strike
1-2: Foul Ball, location: 2F
1-2: Ball
2-2: Ball
3-2: Strikes out swinging
Batting: RHB Fred Rice 0-0: Ball
1-0: Ball
2-0: Ball
3-0: Called Strike
3-1: Foul Ball, location: 2F
3-2: Fly out, F9 (Flyball, 9LM)
Top of the 2nd over - 0 run(s), 0 hit(s), 0 error(s), 0 left on base; Port Royal 2 - Tortolita 0
BOTTOM OF THE 2ND
Tortolita Drummers batting - Pitching for Port Royal Disaster : LHP Jim Unknown
Batting: RHB Joey Morgan 0-0: Ball
1-0: Called Strike
1-1: Ball
2-1: Ground out 6-3 (Groundball, 6)
Batting: RHB Lonnie Conrad 0-0: Called Strike
0-1: Ball
1-1: Ground out 6-3 (Groundball, 56)
Batting: LHB Pat McJannett 0-0: Foul Ball, location: 2F
0-1: Ground out 5-3 (Groundball, 5)
Bottom of the 2nd over - 0 run(s), 0 hit(s), 0 error(s), 0 left on base; Port Royal 2 - Tortolita 0
TOP OF THE 3RD
Port Royal Disaster batting - Pitching for Tortolita Drummers : RHP Javier Estrada
Batting: RHB Stu Shaw 0-0: Ball
1-0: Called Strike
1-1: Called Strike
1-2: Strikes out swinging
Batting: LHB Nelson Sanders 0-0: Ball
1-0: Ball
2-0: Ball
3-0: Base on Balls
Batting: RHB Mike Green 0-0: Foul Ball, location: 2F
0-1: Ball
1-1: Ball
2-1: Foul Ball, location: 2F
2-2: Ball
3-2: Grounds into double play, 6-4-3 (Groundball, 6)
Top of the 3rd over - 0 run(s), 0 hit(s), 0 error(s), 0 left on base; Port Royal 2 - Tortolita 0
BOTTOM OF THE 3RD
Tortolita Drummers batting - Pitching for Port Royal Disaster : LHP Jim Unknown
Batting: RHB Jim Harris 0-0: Ball
1-0: Called Strike
1-1: Foul Ball, location: 2F
1-2: Ball
2-2: Ball
3-2: SINGLE (Line Drive, 7LS)
Batting: RHB Richard Ollivier 0-0: Ball
1-0: Ball
2-0: Called Strike
2-1: Ground out 5-3 (Groundball, 56S)
Jim Harris to second
Batting: RHB Ray Whittier 0-0: Called Strike
0-1: Foul Ball, location: 2F
0-2: SINGLE (Line Drive, 89M)
Jim Harris to third
Runner from 3rd tries for Home, SAFE, no throw or cutoff
Batting: RHB Hunter Curtis 0-0: Ball
1-0: SINGLE (Line Drive, 6M)
Ray Whittier to second
Batting: LHB Jesse Taylor 0-0: Called Strike
0-1: Ball
1-1: Swinging Strike
1-2: Fly out, F3 (Popup, 3F)
Batting: LHB Orlando Trevino 0-0: Ball
1-0: Fly out, F7 (Flyball, 7LMF)
Bottom of the 3rd over - 1 run(s), 3 hit(s), 0 error(s), 2 left on base; Port Royal 2 - Tortolita 1
TOP OF THE 4TH
Port Royal Disaster batting - Pitching for Tortolita Drummers : RHP Javier Estrada
Batting: LHB Randy Bowen 0-0: Called Strike
0-1: Called Strike
0-2: Ball
1-2: Ball
2-2: Strikes out swinging
Batting: RHB Clement Fields 0-0: Ball
1-0: Ball
2-0: Swinging Strike
2-1: Ground out 6-3 (Groundball, 6)
Batting: RHB Dave Sterling 0-0: Foul Ball, location: 2F
0-1: Ball
1-1: Ball
2-1: Hit by Pitch
Batting: RHB Jim Unknown 0-0: Ball
1-0: Fly out, F9 (Flyball, 9D)
Top of the 4th over - 0 run(s), 0 hit(s), 0 error(s), 1 left on base; Port Royal 2 - Tortolita 1
BOTTOM OF THE 4TH
Tortolita Drummers batting - Pitching for Port Royal Disaster : LHP Jim Unknown
Batting: RHB Joey Morgan 0-0: Called Strike
0-1: Ball
1-1: Ball
2-1: Foul Ball, location: 2F
2-2: SOLO HOME RUN (Flyball, 8LXD), Distance : 430 ft
Batting: RHB Lonnie Conrad 0-0: Swinging Strike
0-1: Foul Ball, location: 2F
0-2: Ball
1-2: Ball
2-2: SINGLE (Groundball, 56D)
Batting: LHB Pat McJannett 0-0: Ball
1-0: Ball
2-0: Fly out, F8 (Flyball, 78D)
Batting: RHB Jim Harris 0-0: Foul Ball, location: 2F
0-1: Called Strike
0-2: Ball
1-2: Ball
2-2: Fly out, F4 (Line Drive, 4)
Batting: RHB Richard Ollivier 0-0: Ball
1-0: Fielders Choice at 2nd, 5-4 (Groundball, 5)
Bottom of the 4th over - 1 run(s), 2 hit(s), 0 error(s), 0 left on base; Port Royal 2 - Tortolita 2
TOP OF THE 5TH
Port Royal Disaster batting - Pitching for Tortolita Drummers : RHP Javier Estrada
Batting: SHB Ethan Jollymour 0-0: Swinging Strike
0-1: Foul Ball, location: 2F
0-2: Ball
1-2: Fly out, F5 (Popup, 56S)
Batting: RHB Fred Rice 0-0: Called Strike
0-1: Ball
1-1: Ball
2-1: Ground out 5-3 (Groundball, 56)
Batting: RHB Stu Shaw 0-0: Ball
1-0: Foul Ball, location: 2F
1-1: Ball
2-1: Swinging Strike
2-2: Ball
3-2: Base on Balls
Batting: LHB Nelson Sanders 0-0: Ball
1-0: Ball
2-0: Called Strike
2-1: Foul Ball, location: 2F
2-2: Ball
Wild Pitch!
Stu Shaw to second
3-2: SINGLE (Line Drive, 7S)
Stu Shaw to third
Stu Shaw scores
Batting: RHB Mike Green 0-0: Fly out, F6 (Popup, 6D)
Top of the 5th over - 1 run(s), 1 hit(s), 0 error(s), 1 left on base; Port Royal 3 - Tortolita 2
BOTTOM OF THE 5TH
Tortolita Drummers batting - Pitching for Port Royal Disaster : LHP Jim Unknown
Batting: RHB Ray Whittier 0-0: Ball
1-0: Ball
2-0: Ball
3-0: Called Strike
3-1: Base on Balls
Batting: RHB Hunter Curtis 0-0: Ball
1-0: Swinging Strike
1-1: Foul Ball, location: 2F
1-2: Ball
2-2: Strikes out swinging
Batting: LHB Jesse Taylor 0-0: Called Strike
0-1: Grounds into double play, 1-6-3 (Groundball, 13S)
Bottom of the 5th over - 0 run(s), 0 hit(s), 0 error(s), 0 left on base; Port Royal 3 - Tortolita 2
TOP OF THE 6TH
Port Royal Disaster batting - Pitching for Tortolita Drummers : RHP Javier Estrada
Batting: LHB Randy Bowen 0-0: Foul Ball, location: 2F
0-1: Swinging Strike
0-2: Ball
1-2: Foul Ball, location: 2F
1-2: Strikes out swinging
Batting: RHB Clement Fields 0-0: Ball
1-0: Ball
2-0: SINGLE (Flyball, 8RS) - OUT at second base trying to stretch hit.
Batting: RHB Dave Sterling 0-0: Called Strike
0-1: Called Strike
0-2: Strikes out swinging
Top of the 6th over - 0 run(s), 1 hit(s), 0 error(s), 0 left on base; Port Royal 3 - Tortolita 2
BOTTOM OF THE 6TH
Tortolita Drummers batting - Pitching for Port Royal Disaster : LHP Jim Unknown
Batting: LHB Orlando Trevino 0-0: Called Strike
0-1: Ball
1-1: DOUBLE (Line Drive, 3L)
Batting: RHB Joey Morgan 0-0: Ball
1-0: Ball
2-0: Called Strike
2-1: Foul Ball, location: 2F
2-2: Foul Ball, location: 2F
2-2: 2-RUN HOME RUN (Flyball, 7LD), Distance : 331 ft
Batting: RHB Lonnie Conrad 0-0: Called Strike
0-1: Ball
1-1: Fly out, F5 (Popup, 5F)
Batting: LHB Pat McJannett 0-0: Called Strike
0-1: Ball
1-1: Ball
2-1: Called Strike
2-2: Foul Ball, location: 2F
2-2: Ball
3-2: Foul Ball, location: 2F
3-2: Strikes out swinging
Batting: RHB Jim Harris 0-0: Ball
1-0: Ball
2-0: Ground out 4-3 (Groundball, 4M)
Bottom of the 6th over - 2 run(s), 2 hit(s), 0 error(s), 0 left on base; Port Royal 3 - Tortolita 4
TOP OF THE 7TH
Port Royal Disaster batting - Pitching for Tortolita Drummers : RHP Javier Estrada
Batting: RHB Jim Unknown 0-0: Foul Ball, location: 2F
0-1: SOLO HOME RUN (Flyball, 7LD), Distance : 349 ft
Pitching: RHP Luis Gonzáles
Pinch Hitting: LHB Jim Unknown 0-0: Called Strike
0-1: Ball
1-1: Ball
2-1: Hit by Pitch
Pinch Hitting: LHB Jim Unknown
Pitching: LHP Dana Hennessey 0-0: Ball
1-0: Ball
2-0: Ball
3-0: Base on Balls
Jim Unknown to second
Batting: RHB Stu Shaw 0-0: Ball
1-0: Called Strike
Jim Unknown steals 3rd base
1-1: Fly out, F7 (Flyball, 7M)
Runner from 3rd tags up, SCORES, no throw
Pitching: LHP Edward Jensen
Batting: LHB Nelson Sanders 0-0: Ball
1-0: Called Strike
1-1: Ball
2-1: Fly out, F2 (Popup, 2LF)
Batting: RHB Mike Green 0-0: Called Strike
0-1: Ball
1-1: Called Strike
1-2: Strikes out swinging
Top of the 7th over - 2 run(s), 1 hit(s), 0 error(s), 1 left on base; Port Royal 5 - Tortolita 4
BOTTOM OF THE 7TH
Tortolita Drummers batting - Pitching for Port Royal Disaster : LHP Jim Unknown
Now in LF: Jim Unknown
Now in RF: Jim Unknown
Batting: RHB Richard Ollivier 0-0: Ball
1-0: Ball
2-0: Ball
3-0: Called Strike
3-1: Base on Balls
Batting: RHB Ray Whittier 0-0: Called Strike
0-1: Foul Ball, location: 2F
0-2: Strikes out swinging
Pinch Hitting: SHB Yosuke Kiyomizu 0-0: Ball
1-0: Ball
2-0: Swinging Strike
2-1: Ball
3-1: Base on Balls
Richard Ollivier to second
Pinch Hitting: RHB Anastasio Cabanillas 0-0: Ball
1-0: Ground out 6-3 (Groundball, 6MS)
Richard Ollivier to third
Yosuke Kiyomizu to second
Pitching: LHP Zach Brown
Batting: LHB Orlando Trevino 0-0: Ball
1-0: Fly out, F7 (Flyball, 7S)
Bottom of the 7th over - 0 run(s), 0 hit(s), 0 error(s), 2 left on base; Port Royal 5 - Tortolita 4
TOP OF THE 8TH
Port Royal Disaster batting - Pitching for Tortolita Drummers : LHP Edward Jensen
Now at SS: Vernon Thomas
Now in LF: Anastasio Cabanillas
Batting: LHB Randy Bowen 0-0: Fly out, F7 (Popup, 5D)
Batting: RHB Clement Fields 0-0: Ball
1-0: Called Strike
1-1: Called Strike
1-2: SOLO HOME RUN (Flyball, 7D), Distance : 350 ft
Batting: RHB Dave Sterling 0-0: Ball
1-0: Called Strike
1-1: Ball
2-1: Called Strike
2-2: Strikes out swinging
Batting: RHB Jim Unknown 0-0: Called Strike
0-1: Foul Ball, location: 2F
0-2: Ball
1-2: Ball
2-2: Ball
3-2: Strikes out swinging
Top of the 8th over - 1 run(s), 1 hit(s), 0 error(s), 0 left on base; Port Royal 6 - Tortolita 4
BOTTOM OF THE 8TH
Tortolita Drummers batting - Pitching for Port Royal Disaster : LHP Zach Brown
Now at C: Júlio García
Batting: RHB Joey Morgan 0-0: Called Strike
0-1: SINGLE (Line Drive, 78M)
Pitching: RHP Clyde Bowman
Batting: RHB Lonnie Conrad 0-0: Fly out, F3 (Popup, 23F)
Batting: LHB Pat McJannett 0-0: Foul Ball, location: 2F
0-1: Foul Ball, location: 2F
0-2: Ball
1-2: DOUBLE (Line Drive, 9LD)
Joey Morgan to third
Batting: RHB Jim Harris 0-0: Foul Ball, location: 2F
0-1: Foul Ball, location: 2F
0-2: Foul Ball, location: 2F
0-2: Ball
1-2: Ground out 4-3 (Groundball, 34)
Joey Morgan scores
Pat McJannett to third
Batting: RHB Richard Ollivier 0-0: Ball
Wild Pitch!
Pat McJannett scores
1-0: Called Strike
1-1: Foul Ball, location: 2F
1-2: Fly out, F9 (Line Drive, 89M)
Bottom of the 8th over - 2 run(s), 2 hit(s), 0 error(s), 0 left on base; Port Royal 6 - Tortolita 6
TOP OF THE 9TH
Port Royal Disaster batting - Pitching for Tortolita Drummers : LHP Edward Jensen
Pinch Hitting: RHB Brian Olivares 0-0: Ball
1-0: Ball
2-0: Ball
3-0: Base on Balls
Batting: LHB Jim Unknown 0-0: Ground out 3-1 (Groundball, 34S)
Brian Olivares to second
Batting: RHB Stu Shaw 0-0: Intentional Walk
Pitching: LHP Parker Cooke
Batting: LHB Nelson Sanders 0-0: Ball
1-0: 3-RUN HOME RUN (Flyball, 89XD), Distance : 402 ft
Batting: RHB Mike Green 0-0: Ball
1-0: Ground out 1-3 (Groundball, 15)
Batting: LHB Randy Bowen 0-0: SINGLE (Line Drive, 9S)
Batting: RHB Clement Fields 0-0: Ball
1-0: DOUBLE (Flyball, 89D)
Randy Bowen to third
Runner from 3rd tries for Home, throw and OUT!
Top of the 9th over - 3 run(s), 3 hit(s), 0 error(s), 1 left on base; Port Royal 9 - Tortolita 6
BOTTOM OF THE 9TH
Tortolita Drummers batting - Pitching for Port Royal Disaster : RHP Clyde Bowman
Pitching: LHP António Venegas
Now at 1B: Brian Olivares
Batting: RHB Ray Whittier 0-0: Foul Ball, location: 2F
0-1: Swinging Strike
0-2: Ball
1-2: Reached on error, E5 (Groundball, 56S)
Batting: SHB Vernon Thomas 0-0: Ball
1-0: Swinging Strike
1-1: Ball
2-1: Ball
3-1: Called Strike
3-2: SINGLE (Groundball, 5D)
Ray Whittier to third
Batting: RHB Anastasio Cabanillas 0-0: Foul Ball, location: 2F
0-1: Foul Ball, location: 2F
0-2: Fielders Choice at 2nd, 6-4 (Groundball, 6M)
Ray Whittier scores
Batting: LHB Orlando Trevino 0-0: Foul Ball, location: 2F
0-1: Foul Ball, location: 2F
0-2: Ball
1-2: Strikes out swinging
Batting: RHB Joey Morgan 0-0: Ground out 4-3 (Groundball, 4)
Bottom of the 9th over - 1 run(s), 1 hit(s), 1 error(s), 1 left on base; Port Royal 9 - Tortolita 7
This league is powered by Out of the Park Baseball, the baseball management simulation game for PC, Mac and Linux
Saturday, July 25th, 2015 - OOTP Baseball 15.6 Build 34